Map: Submarine LE

Players

JohnBrown - Winner!

  • Race: Terran Terran
  • League: Diamond
  • Spawn Location: 11:00

RednighT

  • Race: Zerg Zerg
  • League: Diamond
  • Spawn Location: 5:00

VOD

Have the link to the VOD?

Description

Time

  • Played on: March 16, 2021, 8:35 a.m.
  • Length: 5:57
Show
View Real Time Build Order
Export as new Build Order

JohnBrown Terran - Winner!

Build Orders: 2 Factory, Hellion Opening 

Get SALT Encoding   

  12  0:00  SCV  
  13  0:19  Supply Depot  
  13  0:20  SCV  
  14  0:32  SCV  
  15  0:45  Barracks  
  15  0:47  Barracks  
  15  0:50  SCV  
  16  1:03  SCV  
  17  1:05  Supply Depot  
  17  1:15  SCV  
  17  1:16  Refinery  
  18  1:26  Refinery  
  18  1:27  SCV  
  19  1:43  Orbital Command  
  19  1:50  Marine x2  
  21  2:08  Marine x2  
  23  2:12  Factory  
  23  2:19  SCV  
  24  2:28  Barracks Reactor  
  24  2:40  Barracks Reactor  
  24  2:52  Factory  
  24  3:04  Supply Depot  
  24  3:16  Barracks Tech Lab  
  24  3:19  Hellion x2  
  28  3:22  Armory  
  28  3:27  Supply Depot  
  28  3:42  Barracks Tech Lab  
  28  3:45  Hellion x2  
  32  3:55  Hellion x2  
  36  4:05  Supply Depot  
  36  4:08  Hellion x2  
  40  4:11  Barracks Tech Lab  
  40  4:17  Hellion x2  
  44  4:28  Supply Depot  
  44  4:29  Hellion  
  44  4:30  Hellion  
  48  4:39  Hellion  
  46  5:03  Hellion  
  46  5:04  Hellion x3  
  46  5:25  Hellion x4  
Show
View Real Time Build Order
Export as new Build Order

RednighT Zerg 

Build Orders: Hatch First 

Get SALT Encoding   

  12  0:09  Overlord  
  12  0:12  Drone  
  13  0:16  Drone  
  14  0:27  Drone  
  15  0:31  Drone  
  16  0:51  Hatchery  
  16  0:52  Drone  
  16  0:56  Drone  
  17  1:11  Spawning Pool  
  16  1:14  Drone  
  16  1:15  Extractor  
  16  1:18  Drone  
  17  1:24  Drone  
  18  1:35  Overlord  
  18  1:46  Drone  
  19  1:59  Queen  
  19  2:01  Zergling x2  
  22  2:03  Zergling x2  
  22  2:08  Zergling x2, Queen  
  24  2:13  Drone  
  27  2:18  Drone  
  28  2:27  Drone  
  28  2:29  Drone  
  30  2:36  Overlord  
  30  2:39  Metabolic Boost  
  30  2:43  Overlord  
  30  2:44  Baneling Nest  
  29  2:54  Overlord  
  29  3:01  Drone x2  
  29  3:02  Drone  
  32  3:09  Drone  
  32  3:11  Drone  
  34  3:15  Drone  
  34  3:16  Drone x2  
  37  3:20  Drone  
  37  3:25  Drone x2  
  37  3:26  Drone  
  41  3:31  Evolution Chamber  
  41  3:33  Drone, Evolution Chamber  
  39  3:46  Zergling x2  
  39  3:47  Zergling x2  
  41  3:55  Overlord x2  
  41  3:57  Drone x3  
  41  4:01  Zergling x2  
  45  4:03  Zerg Melee Weapons Level 1  
  45  4:09  Extractor  
  44  4:11  Drone x2  
  46  4:20  Zergling x2  
  46  4:21  Zergling x2  
  48  4:32  Spore Crawler  
  48  4:38  Zergling x2  
  48  4:39  Zergling x8  
  51  4:52  Zergling x6  
  52  4:56  Zergling x2  
  49  5:05  Baneling  
  49  5:06  Baneling  
  49  5:10  Zergling x12  
  49  5:15  Zergling x4  
  46  5:23  Zergling x2  
  46  5:24  Zergling x2  
  43  5:30  Baneling x4  
  43  5:31  Baneling  
  43  5:34  Zergling x2  
  43  5:35  Zergling x2  
Tags
 
Add a new tag
Caveats
  • Supply blocks, unpowered buildings, or Contaminate may cause inaccurate times.
  • Supply counts are checked every 10 seconds.